 Dungeon Crawl Stone Soup version bcrawl-1.27.6 (webtiles) character file.

Game seed: 15000830917272276544

98768 DogServant the Caller (level 2, -1/15 HPs)
             Began as a Skeleton Summoner on Oct 13, 2020.
             Slain by a rat (3 damage)
             ... on level 1 of the Dungeon.
             The game lasted 00:00:45 (271 turns).

DogServant the Caller (Skeleton Summoner)            Turns: 271, Time: 00:00:45

Health: -1/15      AC:  2    Str: 14      XL:     2   Next: 6%
Magic:  0/6        EV: 12    Int: 12 (13) God:
Gold:   0          SH:  0    Dex:  9      Spells: 6/7 levels left

rFire    . . .     SeeInvis .   b - +0 whip
rCold    + . .     Gourm    .   (no shield)
rNeg     + + +     Faith    .   a - +0 robe
rPois    ∞         Spirit   +   (no helmet)
rElec    .         Reflect  .   (no cloak)
rCorr    .         Harm     .   (no gloves)
MR       .....                  (no boots)
Stlth    ++........             (no amulet)
HPRegen  0.05/turn              (no ring)
MPRegen  0.10/turn              (no ring)

@: no status effects
A: no food or potions, cold resistance 1, deterioration 1, negative energy
resistance 3, torment resistance, unbreathing, magic shield, sturdy frame 1,
spell healing
a: no special abilities


You were on level 1 of the Dungeon.
You were not hungry.

You visited 1 branch of the dungeon, and saw 1 of its levels.

Inventory:

Hand Weapons
 b - a +0 whip (weapon)
Armour
 a - a +0 robe (worn)
Scrolls
 c - a scroll of summoning
 d - a scroll of magic mapping {unknown}
 e - a scroll of immolation {unknown}


   Skills:
 + Level 2.2 Dodging
 - Level 2.4 Stealth
 + Level 3.2 Spellcasting
 + Level 4.6 Summonings


You had 6 spell levels left.
You knew the following spells:

 Your Spells              Type           Power        Failure   Level  Hunger
a - Summon Small Mammal   Summ           ##..         3%          1    N/A

Your spell library contained the following spells:

 Spells                   Type           Power        Failure   Level  Hunger
 Call Imp                 Summ           ##....       5%          2    N/A
 Call Canine Familiar     Summ           ##......     11%         3    N/A
 Summon Ice Beast         Ice/Summ       #.......     67%         4    N/A
 Summon Lightning Spire   Summ/Air       #.......     95%         5    N/A

Dungeon Overview and Level Annotations

Branches:
Dungeon (1/12)

Altars:


Innate Abilities, Weirdness & Mutations

You do not eat or drink.
You are immune to poison.
Your flesh is cold resistant. (rC+)
Your body sometimes deteriorates upon taking damage.
You are immune to negative energy. (rN+++)
You are immune to unholy pain and torment.
You can survive without breathing.
When hurt, damage is shared between your health and your magic reserves.
Your movements are slightly less encumbered by armour. (ER -2)
Casting spells heals you.


Message History

You barely miss the hobgoblin.
Your quokka closely misses the hobgoblin.
The hobgoblin hits you.
* * * LOW HITPOINT WARNING * * *
You closely miss the hobgoblin.
Your quokka closely misses the hobgoblin.
The hobgoblin misses you.
Your quokka bites the hobgoblin but does no damage.
You hit the hobgoblin.
The hobgoblin is almost dead.
The hobgoblin barely misses you.
Your quokka closely misses the hobgoblin.
The rat bites you.
* * * LOW HITPOINT WARNING * * *
You hit the hobgoblin but do no damage.
The hobgoblin is almost dead.
The hobgoblin hits you but does no damage.
Your quokka completely misses the hobgoblin.
The rat bites you.
You die...

#########
.?......###########..
#####
.......gr............
....##
......r@#####'#####.
.....# ........#
#.....# .....#
........# #.....#
†....## ........#
#.....# ......#
........# #.....#
≈.....############
###'### ≈.........#
#.# ≈.......#.# #.#
......#.#.## #.#


You could see a hobgoblin, a rat and a friendly quokka.

Vanquished Creatures
  A dart slug (D:1)
  A goblin (D:1)
  A kobold (D:1)
3 creatures vanquished.

Vanquished Creatures (collateral kills)
  A goblin (D:1)
  2 hobgoblins (D:1)
  A jackal (D:1)
  2 bats (D:1)
6 creatures vanquished.

Grand Total: 9 creatures vanquished

Notes
Turn   | Place    | Note
-------+----------+-------------------------------------------
     0 | D:1      | DogServant the Skeleton Summoner began the quest for the
                  | Orb.
     0 | D:1      | Reached XP level 1. HP: 10/10 MP: 4/4
   259 | D:1      | Reached XP level 2. HP: 14/15 MP: 4/6
   271 | D:1      | Slain by a rat

Action                   || total
-------------------------++-------
Melee: Whip              ||    26
       Unarmed           ||     2
 Cast: Summon Small Mamm ||     5
Armor: Robe              ||     8
Dodge: Dodged            ||    28
